 Dungeon Crawl Stone Soup version 0.28.0 (webtiles) character file.

Game seed: 151684360418296538

841 Strat the Carver (level 8, 0/62 HPs)
             Began as a Barachi Abyssal Knight on Feb 5, 2022.
             Was a Priest of Lugonu.
             Slain by a killer bee (4 damage)
             ... on level 5 of the Dungeon.
             The game lasted 00:10:04 (5715 turns).

Strat the Carver (Barachi Abyssal Knight)           Turns: 5715, Time: 00:10:05

Health: 0/62       AC:  9    Str: 17    XL:     8   Next: 0%
Magic:  9/9        EV:  9    Int: 11    God:    Lugonu [***...]
Gold:   177        SH:  0    Dex: 12    Spells: 7/7 levels left

rFire   . . .      SeeInvis .   a - +2 falchion
rCold   . . .      Faith    .   (no shield)
rNeg    + . .      Spirit   .   t - +0 scale mail
rPois   .          Reflect  .   (no helmet)
rElec   .          Harm     .   (no cloak)
rCorr   +          Rampage  .   (no gloves)
Will    .....                   o - +1 pair of boots
Stlth   ..........              (no amulet)
HPRegen 0.20/turn               g - ring of positive energy
MPRegen 0.11/turn               j - ring of resist corrosion

@: lethally poisoned (0 -> -11), slow
A: amphibious, slowness 1, strong legs 1, +LOS
a: Hop, Renounce Religion, Depart the Abyss, Bend Space, Banish


You were on level 5 of the Dungeon.
You worshipped Lugonu.
Lugonu was most pleased with you.
You visited 1 branch of the dungeon, and saw 5 of its levels.
You visited the Abyss 1 time.

You collected 177 gold pieces.

Inventory:

Hand Weapons
 a - a +2 falchion (weapon)
 b - a +0 hunting sling
Missiles
 e - 4 datura-tipped darts
 f - 92 stones
 i - 9 sling bullets
 k - 3 throwing nets
 r - 6 javelins
Armour
 h - a +0 leather armour
 o - a +1 pair of boots (worn)
 p - a +0 ring mail
 t - a +0 scale mail (worn)
Jewellery
 g - a ring of positive energy (left hand)
 j - a ring of resist corrosion (right hand)
 n - an amulet of faith
Wands
 x - a wand of digging (1)
Scrolls
 c - 3 scrolls of enchant weapon
 m - a scroll of amnesia
Potions
 d - a potion of flight
 s - a potion of degeneration {unknown}
 v - a potion of attraction {unknown}
 w - 3 potions of curing {unknown}
 z - a potion of ambrosia {unknown}


   Skills:
 + Level 5.1 Fighting
 + Level 8.8 Long Blades
 + Level 5.4 Armour
 - Level 1.1 Dodging
 - Level 1.5 Invocations


You had 7 spell levels left.
You didn't know any spells.
Your spell library contained the following spells:

 Spells                   Type           Power      Damage    Failure   Level
 Animate Skeleton         Necr           0%         N/A       73%         1
 Pain                     Necr           0%         1d4       73%         1
 Call Canine Familiar     Summ           0%         N/A       97%         3
 Confusing Touch          Hex            0%         N/A       97%         3
 Conjure Flame            Conj/Fire      0%         6-21      97%         3
 Ignite Poison            Fire/Tmut/Pois 0%         N/A       97%         3
 Portal Projectile        Hex/Tloc       0%         N/A       97%         3
 Vampiric Draining        Necr           0%         2d6       97%         3
 Leda's Liquefaction      Hex/Erth       0%         N/A       100%        4
 Sticky Flame             Conj/Fire      0%         2d3       100%        4
 Yara's Violent Unravell  Hex/Tmut       0%         3d3       100%        5
 Enfeeble                 Hex            0%         N/A       100%        7


Dungeon Overview and Level Annotations

Branches:
Dungeon (5/15)
 Temple: D:4-7

Altars:
Trog

Shops:
D:2 *


Innate Abilities, Weirdness & Mutations

You are amphibious.
You cover ground slowly.
You can hop short distances.
You have an extended range of vision and can be seen from far away.


Message History

You barely miss the killer bee.
The killer bee stings you but does no damage. x2
The killer bee barely misses you. The killer bee completely misses you.
The killer bee closely misses you.
You hit the killer bee.
The killer bee is moderately wounded.
The killer bee stings you but does no damage. x2
The killer bee stings you.
* * * LOW HITPOINT WARNING * * *
You are poisoned.
The killer bee poisons you!
The killer bee stings you but does no damage.
You barely miss the killer bee.
The killer bee is moderately wounded.
You feel sick.
The killer bee stings you but does no damage. x2
The killer bee closely misses you.
The killer bee stings you but does no damage. x2
The killer bee barely misses you.
You miss the killer bee.
The killer bee is moderately wounded.
You feel sick.
The killer bee stings you but does no damage.
The killer bee stings you.
* * * LOW HITPOINT WARNING * * *
The killer bee stings you!
* * * LOW HITPOINT WARNING * * *
You are lethally poisoned!
The killer bee poisons you! The killer bee closely misses you.
The killer bee barely misses you.
The killer bee stings you but does no damage.
You hit the killer bee.
The killer bee is moderately wounded.
* * * LOW HITPOINT WARNING * * *
You feel very sick.
The killer bee stings you but does no damage.
The killer bee closely misses you.
The killer bee stings you but does no damage.
The killer bee stings you.
You die...

..#.....##................###....
..#.....##................##.....
..#.#.#.# ....###.......#........
#.#.....# #..######...###...##..
###.....#.##...#.##)....#........
###.#.#.#..............#####.....
..#.....# .#..§§§§§.......##.....
..#.....# ##.§§yy§..............
###.#.#.######§§@y§).....#####...
.##.....#..###§§§§§......[# ...
###.....#.....§§§§§.......# #.. #
#.#.#.#..##..........#..### .. #
#.....#..##.........##....## #.
###.....#.........#.#####....# .
#.#.#.#.#...#.....### #....###
#.#.....#.......### #.....#...#
..#.....#......###........#...#


You could see 3 killer bees.

Vanquished Creatures
  An ogre (D:5)
  4 scorpions
  A water moccasin zombie (D:5)
  A wyvern skeleton (D:3)
  2 killer bees (D:4)
  A centaur zombie (D:5)
  A hound (D:5)
  2 bullfrog skeletons (D:5)
  An iguana (D:5)
  A centaur skeleton (D:4)
  3 gnolls (D:4)
  4 adders
  2 worms (D:3)
  A dart slug (D:2)
  4 bats
  3 endoplasms
  4 giant cockroaches
  6 goblins
  4 hobgoblins
  3 jackals (D:2)
  5 quokkas
  3 ball pythons
  9 frilled lizards (D:1)
  5 kobolds
  7 rats
78 creatures vanquished.

Vanquished Creatures (collateral kills)
  A bullfrog skeleton (D:5)
1 creature vanquished.

Grand Total: 79 creatures vanquished

Notes
Turn   | Place    | Note
-------+----------+-------------------------------------------
     0 | Abyss:1  | Strat the Barachi Abyssal Knight began the quest for the
                  | Orb.
     0 | Abyss:1  | Reached XP level 1. HP: 18/18 MP: 2/2
    10 | Abyss:1  | Found a corrupted altar of Lugonu.
    14 | D:1      | Escaped the Abyss
    62 | D:1      | Found a faded altar of an unknown god.
   249 | D:1      | Reached skill level 3 in Long Blades
   335 | D:1      | Reached XP level 2. HP: 23/24 MP: 3/3
  1119 | D:2      | Reached skill level 4 in Long Blades
  1208 | D:2      | Reached XP level 3. HP: 13/29 MP: 4/4
  1423 | D:2      | Reached ** piety under Lugonu
  1432 | D:2      | Found a bloodstained altar of Trog.
  1808 | D:2      | Found Hucet's General Store.
  1825 | D:2      | Reached skill level 5 in Long Blades
  1899 | D:2      | Reached XP level 4. HP: 36/36 MP: 5/5
  2408 | D:3      | Reached XP level 5. HP: 6/41 MP: 6/6
  3318 | D:4      | Reached skill level 6 in Long Blades
  3360 | D:4      | Reached XP level 6. HP: 43/47 MP: 7/7
  3449 | D:4      | Reached skill level 7 in Long Blades
  4663 | D:5      | Entered Level 5 of the Dungeon
  4752 | D:5      | Reached skill level 8 in Long Blades
  4759 | D:5      | Reached XP level 7. HP: 38/53 MP: 8/8
  5171 | D:5      | Reached *** piety under Lugonu
  5187 | D:5      | Reached skill level 5 in Armour
  5289 | D:4      | Reached skill level 5 in Fighting
  5634 | D:5      | Reached XP level 8. HP: 51/62 MP: 9/9
  5715 | D:5      | Slain by a killer bee

Illustrated notes

Levels and vault maps discovered:
D:1:      minmay_arrival_solitary_statue, layout_loops_corners,
          chequers_ecumenical_altar_simple, minmay_lizard_pond
D:2:      layout_basic, serial_shops, shop, basic_altar
D:3:      layout_rooms
D:4:      layout_loops_ring, dk_vineyard_3
D:5:      minmay_clustersquares, layout_cave_pools, cheibrodos_sewer_entry_bend,
          columned_hall_lemuel, lightli_minifort

Skill      XL: |  1  2  3  4  5  6  7 |
---------------+----------------------+-----
Long Blades    | 3 4 5 6 8 |  8.8
Armour         | 3 4 5 |  5.4
Fighting       | 5 |  5.1
Dodging        | |  1.1
Invocations    | |  1.5

Action                   |  1- 3 |  4- 6 |  7- 9 || total
-------------------------+-------+-------+-------++-------
Melee: Falchion          |    95 |   103 |    77 ||   275
       Punch             |     1 |     1 |     1 ||     3
 Fire: Hunting sling     |    17 |    71 |       ||    88
 Abil: Hop               |       |     2 |     1 ||     3
  Use: Scroll            |       |    10 |     3 ||    13
       Potion            |       |       |     3 ||     3
 Stab: Invisible         |       |       |     1 ||     1
Armor: Leather armour    |    29 |       |       ||    29
       Ring mail         |     9 |     9 |       ||    18
       Scale mail        |       |    51 |    53 ||   104
Dodge: Dodged            |    74 |    58 |    65 ||   197
